 Dungeon Crawl Stone Soup version 0.29.0-4-gdea44cf6ec (webtiles) character file.

Game seed: 17594910181394634823

2 ImASeal the Shield-Bearer (level 1, 0/22 HPs)
             Began as a Troll Fighter on Aug 27, 2022.
             Slain by a hobgoblin (3 damage)
             ... on level 1 of the Dungeon.
             The game lasted 00:00:45 (105 turns).

ImASeal the Shield-Bearer (Troll Fighter)            Turns: 105, Time: 00:00:45

Health: 0/22       AC:  4    Str: 23    XL:     1   Next: 25%
Magic:  0/0        EV:  8    Int:  4    God:
Gold:   16         SH:  7    Dex:  9    Spells: 0/0 levels left

rFire   . . .      SeeInvis .     - Unarmed
rCold   . . .      Faith    .   b - +0 kite shield
rNeg    . . .      Spirit   .   a - +0 robe
rPois   .          Reflect  .   (helmet restricted)
rElec   .          Harm     .   (no cloak)
rCorr   .          Rampage  .   (gloves unavailable)
Will    .....                   (boots unavailable)
Stlth   +.........              (no amulet)
HPRegen 0.87/turn               (no ring)
MPRegen 0.07/turn               (no ring)

@: no status effects
A: large, unfitting armour, claws 3, regeneration 1, shaggy fur 1, tough skin 1
a: no special abilities


You were on level 1 of the Dungeon.
You visited 1 branch of the dungeon, and saw 1 of its levels.

You collected 16 gold pieces.

Inventory:

Armour
 a - a +0 robe (worn)
 b - a +0 kite shield (worn)
Scrolls
 d - a scroll of enchant weapon {unknown}
 e - a scroll of fear {unknown}
Potions
 c - 2 potions of might


   Skills:
 + Level 2.4 Fighting
 + Level 2.4 Dodging
 + Level 2.7 Shields
 + Level 2.0 Unarmed Combat


You couldn't memorise any spells.
You didn't know any spells.
Your spell library was empty.

Dungeon Overview and Level Annotations

Branches:
Dungeon (1/15)

Altars:


Innate Abilities, Weirdness & Mutations

You are too large for most types of armour.
You have claws for hands.
Your natural rate of healing is unusually fast.
You are covered in fur. (AC +1)
You have tough skin. (AC +1)


Message History

You block the hobgoblin's attack. The hobgoblin attacks as you move away!
The hobgoblin hits you.
* * * LOW HITPOINT WARNING * * *
You claw the ball python!
You kill the ball python!
The goblin hits you but does no damage. You block the hobgoblin's attack.
The goblin closely misses you.
You scratch the hobgoblin.
The hobgoblin is severely wounded.
The hobgoblin closely misses you. The goblin barely misses you.
The hobgoblin attacks as you move away! The hobgoblin closely misses you.
The goblin attacks as you move away! The goblin hits you with a +0 club.
There are monsters nearby!
You barely miss the goblin. You block the goblin's attack.
The hobgoblin closely misses you.
Found a robe.
You scratch the goblin.
The goblin is moderately wounded.
The hobgoblin hits you but does no damage.
The goblin hits you with a +0 club. The hobgoblin attacks as you move away!
The hobgoblin hits you.
A quokka comes into view.
The hobgoblin attacks as you move away! You block the hobgoblin's attack.
A hobgoblin comes into view.
You block the goblin's attack. The hobgoblin barely misses you.
The goblin hits you with a +0 club. The hobgoblin hits you.
The quokka bites you.
* * * LOW HITPOINT WARNING * * *
The goblin attacks as you move away! The goblin hits you with a +0 club.
* * * LOW HITPOINT WARNING * * *
The quokka bites you.
* * * LOW HITPOINT WARNING * * *
You block the quokka's attack. The quokka attacks as you move away!
You block the quokka's attack. The hobgoblin attacks as you move away!
The hobgoblin hits you.
* * * LOW HITPOINT WARNING * * *
You closely miss the hobgoblin.
The hobgoblin is severely wounded.
You block the quokka's attack. The hobgoblin hits you.
You die...

# ###..#.......
##........#.#.### #
#.. ... ....#.#.###
.# ... ... ..[......
... #.# #.# #.......
... #.# #.# #..# #.#
..
#.###.####..###r##.#
...$.........ggg@..#
#!..............##.#
#.....####.###..# #
#.....# #.# #..#
#.....# #.# #..#
#.....# #.# #..#
##....# #.# #...
###......... ..... #
#.#####


You could see a quokka, 2 hobgoblins and a goblin.

Vanquished Creatures
  A ball python (D:1)
  A kobold (D:1)
2 creatures vanquished.

Notes
Turn   | Place    | Note
-------+----------+-------------------------------------------
     0 | D:1      | ImASeal the Troll Fighter began the quest for the Orb.
     0 | D:1      | Reached XP level 1. HP: 22/22 MP: 0/0
   104 | D:1      | HP: 1/22 [hobgoblin (4)]
   105 | D:1      | Slain by a hobgoblin

Illustrated notes

Levels and vault maps discovered:
D:1:      dpeg_arrival_arbitrary_c, layout_basic

Action                   || total
-------------------------++-------
Melee: Unarmed           ||     8
Armor: Robe              ||    11
Dodge: Dodged            ||    11
Block: Kite shield       ||    14
